 Dungeon Crawl Stone Soup version 0.30.0 (webtiles) character file.

Game seed: 12226993900464852137

14 Cotac the Grave Robber (level 2, -33/19 HPs)
             Began as a Mummy Necromancer on May 17, 2023.
             Killed by an exploding hobgoblin (48 damage)
             ... ignited by their inner flame
             ... on level 1 of the Dungeon.
             The game lasted 00:08:02 (271 turns).

Cotac the Grave Robber (Mummy Necromancer)           Turns: 271, Time: 00:08:32

Health: -33/19     AC:  5    Str: 11    XL:     2   Next: 27%
Magic:  6/6        EV: 10    Int: 14    God:
Gold:   31         SH:  0    Dex: 12    Spells: 6/7 levels left

rFire   x . .        (no weapon)
rCold   + . .        (no shield)
rNeg    + + +        c - +0 ring mail
rPois   ∞            (no helmet)
rElec   .            (no cloak)
rCorr   .            (no gloves)
SInv    .            (no boots)
Will    .....        (no amulet)
Stlth   +            (no ring)
HPRegen 0.23/turn    (no ring)
MPRegen 0.10/turn

%: faith
@: no status effects
A: cold resistance 1, negative energy resistance 3, torment resistance 2, heat
vulnerability 1, no potions, faith
a: no special abilities


You were on level 1 of the Dungeon.
You visited 1 branch of the dungeon, and saw 1 of its levels.

You collected 31 gold pieces.

Inventory:

Armour
 a - a +0 robe
 c - a +0 ring mail (worn)


   Skills:
 + Level 1.9 Dodging
 + Level 1.5 Stealth
 + Level 0.1 Unarmed Combat
 + Level 3.0 Spellcasting
 + Level 4.2 Necromancy


You had 6 spell levels left.
You knew the following spells:

 Your Spells              Type           Power      Damage    Failure   Level
a - Necrotise             Necr           52%        1d6       10%         1

Your spell library contained the following spells:

 Spells                   Type           Power      Damage    Failure   Level
 Vampiric Draining        Necr           13%        2d6       28%         3
 Animate Dead             Necr           13%        N/A       67%         4
 Agony                    Necr           13%        N/A       95%         5


Dungeon Overview and Level Annotations

Branches:
Dungeon (1/15)

Altars:


Innate Abilities, Weirdness & Mutations

You are immune to poison.
Your flesh is cold resistant. (rC+)
You are immune to negative energy. (rN+++)
You are immune to unholy pain and torment.
You are vulnerable to heat. (rF-)
You do not drink.
You have a special connection with the divine. (Faith)


Message History

The endoplasm closely misses you.
You cannot cast spells when silenced!
You hit the endoplasm.
You kill the endoplasm!
There are no items here.
Things that are here:
a giant cockroach corpse; a ball python corpse
There are no objects that can be picked up here. a giant cockroach corpse; a ball python corpse Your hearing returns.
Found a stone staircase leading down.
A kobold and a hobgoblin come into view.
The kobold shouts!
The hobgoblin shouts!
You hear a shout!
You hear an angry hiss.
You see here a scroll labelled HIRGHU HEDESCHU.
d - a scroll labelled HIRGHU HEDESCHU
As you read the scroll labelled HIRGHU HEDESCHU, it crumbles to dust.
It is a scroll of amnesia.
Really abort (and waste the scroll)? [Y]es or [N]o only, please.
Really abort (and waste the scroll)?
Okay, then.
The kobold hits you with a +0 dagger.
As you read the scroll labelled SUSUEZXO FOCWUOZ, it crumbles to dust.
The creatures around you are filled with an inner flame!
It was a scroll of immolation.
The hobgoblin misses you. The kobold closely misses you.
The hobgoblin attacks as you move away! The hobgoblin barely misses you.
As you read the scroll labelled OLUIMM WIGEUM, it crumbles to dust.
It is a scroll of identify.
You don't currently have any unidentified items.
The hobgoblin completely misses you. The kobold hits you but does no damage.
You hit the hobgoblin.
Flame seeps out of the hobgoblin.
The hobgoblin is heavily wounded.
The hobgoblin is engulfed in blazing flames.
The hobgoblin explodes!
The fiery explosion engulfs the kobold!
The fiery explosion engulfs you!!! The fire burns you terribly!
Ouch! That really hurt!
You die...

.......## .......
#.##......
.†...<..# .....#
#†# .#####
.......##
....####.# #
#≈≈≈≈≈## ####(..#.#
.# # #######
.#####......##.#...
...................
............#.##..
####...........#
##§@§..#.......
##§○§.......?..
#.§§....##.#...
#.......# .##..
#........#.# ..
#........#
..........#
..............
...>#........#.#


There were no monsters in sight!

Vanquished Creatures
  2 endoplasms (D:1)
  A giant cockroach (D:1)
  A hobgoblin (D:1)
  A quokka (D:1)
  4 ball pythons (D:1)
  A kobold (D:1)
  A rat (D:1)
11 creatures vanquished.

Vanquished Creatures (collateral kills)
  An endoplasm (D:1)
  A hobgoblin (D:1)
  A bat (D:1)
  A rat (D:1)
4 creatures vanquished.

Grand Total: 15 creatures vanquished

Notes
Turn   | Place    | Note
-------+----------+-------------------------------------------
     0 | D:1      | Cotac the Mummy Necromancer began the quest for the Orb.
     0 | D:1      | Reached XP level 1. HP: 13/13 MP: 4/4
   169 | D:1      | Reached XP level 2. HP: 14/19 MP: 1/5
   271 | D:1      | Killed by an exploding hobgoblin... ignited by their inner
                  | flame

Illustrated notes

Levels and vault maps discovered:
D:1:      wander_arrival_chamber, layout_rooms, minivault_14

Skill      XL: |  1  2 |
---------------+-------+-----
Spellcasting   | 3 |  3.0
Dodging        | |  1.9
Stealth        | |  1.5
Unarmed Combat | |  0.1
Necromancy     | |  4.2

Action                     || total
---------------------------++-------
  Melee: Unarmed           ||    53
         Punch             ||     1
   Cast: Necrotise         ||     5
    Use: Scroll            ||     4
 Armour: Ring mail         ||    13
         Robe              ||     1
  Dodge: Dodged            ||    38
